[Event "Superliga 2011 W"]
[Site "?"]
[Date "2011.10.08"]
[Round "1.3"]
[White "Cosma, Elena-Luminita"]
[Black "Sandu, Mihaela"]
[Result "1-0"]
[ECO "D02"]
[WhiteElo "2331"]
[BlackElo "2221"]
[PlyCount "75"]
[EventDate "2011.??.??"]
[TimeControl "5400"]

1. d4 Nf6 2. Nf3 e6 3. g3 c5 4. Bg2 cxd4 5. Nxd4 d5 6. O-O Be7 7. c4 dxc4 8.
Qa4+ Nbd7 9. Qxc4 Nb6 10. Qd3 O-O 11. Nc3 Bc5 12. Rd1 e5 13. Nb3 Qxd3 14. Rxd3
Be7 15. Bg5 Bf5 16. Rdd1 Nc4 17. Bxf6 Bxf6 18. Bxb7 Nxb2 19. Rdc1 Rad8 20. Be4
Bc8 21. Rc2 Nc4 22. Nd5 Na3 23. Nxf6+ gxf6 24. Rc5 Be6 25. Ra5 Nc4 26. Rxa7 Nd2
27. Nxd2 Rxd2 28. Bd3 e4 29. Bxe4 Rxe2 30. Bf3 Rd2 31. a4 Kg7 32. Ra8 Bc8 33.
a5 Rd3 34. Bg2 f5 35. a6 f4 36. gxf4 Rfd8 37. Rxc8 Rxc8 38. a7 1-0

[Event "Superliga 2011 W"]
[Site "?"]
[Date "2011.10.08"]
[Round "1.3"]
[White "Moldovan, Corina"]
[Black "Chirita, Andra-Marina"]
[Result "1-0"]
[ECO "C10"]
[WhiteElo "2232"]
[BlackElo "2045"]
[PlyCount "83"]
[EventDate "2011.??.??"]
[TimeControl "5400"]

1. e4 e6 2. d4 d5 3. Nc3 dxe4 4. Nxe4 Bd7 5. Nf3 Bc6 6. Bd3 Nd7 7. O-O Ngf6 8.
Ned2 Be7 9. c4 b6 10. Re1 O-O 11. b3 Bb7 12. Qe2 Re8 13. Bb2 c5 14. Rad1 Qc7
15. Bb1 Rad8 16. dxc5 Nxc5 17. Ne5 Ncd7 18. Ndf3 Nxe5 19. Nxe5 Rxd1 20. Rxd1
Rd8 21. Rxd8+ Qxd8 22. Qd3 Qxd3 23. Bxd3 Bc5 24. Kf1 Kf8 25. f3 Ke7 26. Bc2 g6
27. Bc3 Bd6 28. Kf2 Bc5+ 29. Ke2 Bg1 30. h3 Nh5 31. b4 f6 32. Ng4 e5 33. Kf1
Ng3+ 34. Kxg1 Ne2+ 35. Kf2 Nxc3 36. a3 b5 37. c5 Nd5 38. Be4 f5 39. Bxd5 Bxd5
40. Nxe5 Ke6 41. f4 Be4 42. Nf3 1-0

[Event "Superliga 2011 W"]
[Site "?"]
[Date "2011.10.08"]
[Round "1.3"]
[White "Ilie, Maria-Ruxandra"]
[Black "Visanescu, Daria-Ioana"]
[Result "0-1"]
[ECO "A41"]
[WhiteElo "2005"]
[BlackElo "2010"]
[PlyCount "84"]
[EventDate "2011.??.??"]
[TimeControl "5400"]

1. d4 g6 2. Nf3 Bg7 3. c4 d6 4. Nc3 Nd7 5. g3 e5 6. Bg2 Nh6 7. O-O O-O 8. dxe5
dxe5 9. Qc2 c6 10. Rd1 Qe7 11. Rb1 Re8 12. e4 Nb6 13. b3 f5 14. Ne2 Nf7 15. Nd2
Be6 16. c5 Nd7 17. b4 Ng5 18. h4 Nxe4 19. Bxe4 fxe4 20. Nxe4 Bf6 21. N2c3 b6
22. Nd6 Rf8 23. Nce4 Bd5 24. Bh6 Bg7 25. Be3 Rf3 26. Ng5 Rff8 27. Nge4 Rf3 28.
Ng5 Rff8 29. Nge4 Rf3 30. Bg5 Qe6 31. Rd3 Raf8 32. Rxf3 Rxf3 33. Qe2 Rf8 34.
Be3 b5 35. a3 Nf6 36. Bg5 Nxe4 37. Nxe4 h6 38. Bd2 Qf5 39. Nc3 Bf3 40. Qf1 e4
41. Nd1 Qd7 42. Bc3 e3 0-1

[Event "Superliga 2011 W"]
[Site "?"]
[Date "2011.10.09"]
[Round "2.5"]
[White "L'ami, Alina"]
[Black "Muzychuk, Anna"]
[Result "0-1"]
[ECO "A21"]
[WhiteElo "2368"]
[BlackElo "2545"]
[PlyCount "116"]
[EventDate "2011.??.??"]
[TimeControl "5400"]

1. d4 d6 2. c4 e5 3. Nf3 e4 4. Ng5 f5 5. g3 Be7 6. Nh3 Nf6 7. Nc3 c6 8. d5 Na6
9. Bg2 Nc7 10. O-O cxd5 11. cxd5 b5 12. a3 O-O 13. f3 exf3 14. exf3 a5 15. Be3
Bb7 16. Bb6 Qd7 17. Bxc7 Qxc7 18. Qd4 b4 19. axb4 axb4 20. Qxb4 Nxd5 21. Nxd5
Bxd5 22. Nf4 Bf7 23. Rac1 Qa7+ 24. Kh1 Rfc8 25. Qb5 Rc5 26. Rxc5 dxc5 27. Qd3
Bf6 28. Qxf5 Bxb2 29. Nd3 Bd4 30. f4 g6 31. Qg5 Re8 32. f5 Qe7 33. fxg6 Qxg5
34. gxf7+ Kf8 35. fxe8=Q+ Kxe8 36. Nf4 Qe5 37. Bd5 Kd7 38. Kg2 Be3 39. Be6+ Kc6
40. Bg8 Qe4+ 41. Kh3 Qf5+ 42. Kg2 h5 43. Nd5 Qe4+ 44. Rf3 Qc2+ 45. Kh3 Bg1 46.
Kh4 Qxh2+ 47. Kg5 Qe2 48. Rf6+ Kb7 49. Be6 Bd4 50. Rf7+ Ka6 51. Bc8+ Kb5 52.
Rb7+ Ka4 53. Ra7+ Kb3 54. Rb7+ Ka3 55. Ra7+ Kb2 56. Rb7+ Kc1 57. Nf4 Qe5+ 58.
Bf5 Qf6+ 0-1

[Event "Superliga 2011 W"]
[Site "?"]
[Date "2011.10.09"]
[Round "2.5"]
[White "Peptan, Corina-Isabela"]
[Black "Bulmaga, Irina"]
[Result "1/2-1/2"]
[ECO "B12"]
[WhiteElo "2421"]
[BlackElo "2304"]
[PlyCount "105"]
[EventDate "2011.??.??"]
[TimeControl "5400"]

1. e4 c6 2. d4 d5 3. e5 Bf5 4. Nd2 e6 5. Nb3 c5 6. dxc5 Bxc5 7. Nxc5 Qa5+ 8. c3
Qxc5 9. Nf3 Qc7 10. Bb5+ Nc6 11. O-O Nge7 12. Re1 Bg4 13. h3 Bh5 14. Bf4 a6 15.
Bf1 Ng6 16. Bh2 Nh4 17. g4 Nxf3+ 18. Qxf3 Bg6 19. Qe3 h5 20. Bg2 hxg4 21. hxg4
O-O-O 22. Bg3 Kb8 23. Rac1 Qa5 24. a3 Qb5 25. b4 Qc4 26. f3 Qb3 27. Bf2 d4 28.
cxd4 Qxe3 29. Rxe3 Nxd4 30. f4 Bd3 31. Bf1 Nb3 32. Rd1 Bxf1 33. Rxd8+ Rxd8 34.
Kxf1 Nd2+ 35. Kg2 Nc4 36. Rc3 b5 37. a4 Kb7 38. axb5 axb5 39. Rh3 g5 40. Rh7
Rd7 41. f5 Kc6 42. Rg7 exf5 43. Rxg5 fxg4 44. e6 fxe6 45. Rc5+ Kd6 46. Rxb5 e5
47. Rb8 Kc7 48. Rg8 Rd2 49. Kg3 Rb2 50. Bc5 Kc6 51. Rd8 Rd2 52. Rxd2 Nxd2 53.
Kxg4 1/2-1/2

[Event "Superliga 2011 W"]
[Site "?"]
[Date "2011.10.09"]
[Round "2.5"]
[White "Padurariu, Ioana-Smaranda"]
[Black "Anusca, Madalina-Maria"]
[Result "1-0"]
[ECO "B35"]
[WhiteElo "2211"]
[BlackElo "2070"]
[PlyCount "105"]
[EventDate "2011.??.??"]
[TimeControl "5400"]

1. e4 c5 2. Nf3 g6 3. d4 cxd4 4. Nxd4 Nc6 5. Nc3 Bg7 6. Be3 Nf6 7. Bc4 Qa5 8.
O-O O-O 9. Nb3 Qd8 10. f3 d6 11. Qd2 Bd7 12. Qf2 Qc8 13. Rfd1 Be6 14. Bf1 a5
15. Na4 Nd7 16. Nd4 Nxd4 17. Bxd4 Bxd4 18. Qxd4 Qc6 19. Nc3 Qc5 20. Qxc5 Nxc5
21. Nd5 Bxd5 22. Rxd5 Rfc8 23. c3 b6 24. Rad1 Nd7 25. g3 Rc5 26. Bb5 Rxd5 27.
Rxd5 Nf6 28. Rd4 Rc8 29. Kf2 Rc5 30. a4 g5 31. Ke3 h6 32. Rc4 Kg7 33. b4 Rxc4
34. Bxc4 Ne8 35. f4 f6 36. Kd4 Nc7 37. e5 h5 38. h4 g4 39. exd6 exd6 40. Bd3
Kf7 41. Bf5 Na6 42. Kd5 axb4 43. cxb4 Nxb4+ 44. Kxd6 Kg7 45. Bb1 Kf8 46. Bg6
Kg7 47. Bxh5 f5 48. Ke5 Nd3+ 49. Kxf5 Nc5 50. Be8 Nb7 51. Kxg4 Kh6 52. Bb5 Nd6
53. f5 1-0

[Event "Superliga 2011 W"]
[Site "Brasov/Rumania"]
[Date "2011.10.10"]
[Round "3.4"]
[White "Cramling, Pia"]
[Black "Sandu, Mihaela"]
[Result "1-0"]
[ECO "E90"]
[WhiteElo "2489"]
[BlackElo "2221"]
[PlyCount "64"]
[EventDate "2011.??.??"]
[TimeControl "40/5400+30:1800+30"]

1. d4 Nf6 2. Nf3 g6 3. c4 Bg7 4. Nc3 d6 5. e4 O-O 6. h3 e5 7. d5 Na6 8. Bg5 Qe8
9. Be2 Nh5 10. g3 f5 11. exf5 e4 12. Nh4 e3 13. Bxh5 exf2+ 14. Kxf2 gxh5 15.
Re1 Be5 16. Qf3 Nc5 17. Kg2 Qf7 18. Rxe5 dxe5 19. Rf1 b6 20. Qe3 Ba6 21. b3 Nd7
22. Bh6 Rfe8 23. Qg5+ Kh8 24. f6 Rg8 25. Bg7+ Rxg7 26. fxg7+ Qxg7 27. Qxh5 Rf8
28. Rxf8+ Nxf8 29. Qe8 e4 30. Nxe4 b5 31. Nf5 Qb2+ 32. Kf3 Bc8 1-0

[Event "Superliga 2011 W"]
[Site "Brasov/Rumania"]
[Date "2011.10.10"]
[Round "3.4"]
[White "Visanescu, Daria-Ioana"]
[Black "Foisor, Cristina-Adela"]
[Result "1/2-1/2"]
[ECO "B18"]
[WhiteElo "2010"]
[BlackElo "2416"]
[PlyCount "119"]
[EventDate "2011.??.??"]
[TimeControl "40/5400+30:1800+30"]

1. e4 c6 2. d4 d5 3. Nc3 dxe4 4. Nxe4 Bf5 5. Ng3 Bg6 6. Nf3 Nd7 7. Bd3 Ngf6 8.
O-O e6 9. Re1 Be7 10. c3 Bxd3 11. Qxd3 O-O 12. Bg5 Re8 13. Rad1 Qa5 14. a3 c5
15. Ne4 cxd4 16. Bxf6 Nxf6 17. Nxd4 Rad8 18. Qf3 Nxe4 19. Qxe4 Bf6 20. h3 Qb6
21. b4 g6 22. Rd3 Rc8 23. Red1 Red8 24. Ne2 a6 25. c4 Rxd3 26. Rxd3 Qc6 27.
Qxc6 Rxc6 28. c5 b6 29. Nd4 Bxd4 30. Rxd4 bxc5 31. Rc4 Kf8 32. bxc5 Ke7 33. f4
f5 34. Kf2 e5 35. fxe5 Ke6 36. Rh4 h5 37. g4 hxg4 38. hxg4 f4 39. Kf3 Kxe5 40.
g5 Rxc5 41. Rxf4 Rc6 42. Rf8 a5 43. a4 Rc3+ 44. Kg2 Rc4 45. Kg3 Rxa4 46. Rf6
Rd4 47. Rxg6 Rd6 48. Rg8 Ra6 49. g6 Kf6 50. g7 Kf7 51. Rc8 Kxg7 52. Kf4 Kf6 53.
Ke4 Ke6 54. Kd4 Kd6 55. Rh8 Kc7 56. Rh7+ Kb8 57. Kc3 Rb6 58. Rh5 a4 59. Ra5
Rb3+ 60. Kc4 1/2-1/2

[Event "Superliga 2011 W"]
[Site "Brasov/Rumania"]
[Date "2011.10.10"]
[Round "3.4"]
[White "Foisor, Mihaela-Veronica"]
[Black "Mathe, Katalin"]
[Result "1-0"]
[ECO "D35"]
[WhiteElo "2205"]
[BlackElo "2010"]
[PlyCount "55"]
[EventDate "2011.??.??"]
[TimeControl "40/5400+30:1800+30"]

1. d4 d5 2. c4 e6 3. Nc3 Be7 4. Nf3 Nf6 5. cxd5 exd5 6. Bg5 O-O 7. e3 c6 8. Bd3
Be6 9. Qc2 Nbd7 10. h3 Re8 11. g4 g6 12. O-O-O b5 13. Kb1 Qa5 14. Nd2 Ne4 15.
Bxe7 Nxd2+ 16. Qxd2 Rxe7 17. Nxd5 Qd8 18. Nxe7+ Qxe7 19. f3 b4 20. Rc1 Nb6 21.
h4 Rb8 22. h5 g5 23. h6 Nd5 24. Qh2 Rb7 25. Rxc6 Nc3+ 26. Ka1 Nxa2 27. Qe5 Kf8
28. Qh8# 1-0

[Event "Superliga 2011 W"]
[Site "?"]
[Date "2011.10.11"]
[Round "4.4"]
[White "L'ami, Alina"]
[Black "Petrenko, Svetlana"]
[Result "1-0"]
[ECO "D80"]
[WhiteElo "2368"]
[BlackElo "2223"]
[PlyCount "83"]
[EventDate "2011.??.??"]
[TimeControl "120+18"]

1. d4 Nf6 2. c4 g6 3. Nc3 d5 4. Bg5 Ne4 5. Bh4 Nxc3 6. bxc3 Bg7 7. e3 c5 8.
cxd5 Qxd5 9. Qf3 e6 10. Bd3 cxd4 11. Qxd5 exd5 12. cxd4 Nc6 13. Rb1 a6 14. Ne2
b5 15. Nf4 Be6 16. Be2 h6 17. Rc1 Ne7 18. Nxe6 fxe6 19. Rc7 g5 20. Bg3 Rc8 21.
Ra7 Rc1+ 22. Bd1 Rc6 23. Bh5+ Kd8 24. Kd2 e5 25. dxe5 Nf5 26. Rc1 Rxc1 27. Kxc1
Nxg3 28. hxg3 Bxe5 29. Rxa6 Kc7 30. Re6 Bc3 31. f4 Be1 32. f5 Bxg3 33. f6 Bd6
34. f7 Ra8 35. Kb1 Rf8 36. Re8 Kc6 37. Kc2 Kc5 38. Kd3 b4 39. e4 dxe4+ 40. Kxe4
Kc6 41. Kf5 Kd7 42. Ke4 1-0

[Event "Superliga 2011 W"]
[Site "?"]
[Date "2011.10.11"]
[Round "4.4"]
[White "Ionica, Iulia-Ionela"]
[Black "Bulmaga, Irina"]
[Result "0-1"]
[ECO "B88"]
[WhiteElo "2244"]
[BlackElo "2304"]
[PlyCount "142"]
[EventDate "2011.??.??"]
[TimeControl "120+17"]

1. e4 c5 2. Nf3 d6 3. d4 cxd4 4. Nxd4 Nf6 5. Nc3 a6 6. Bc4 e6 7. a4 Nc6 8. O-O
Qc7 9. Ba2 Be7 10. Kh1 e5 11. Nde2 Nb4 12. Bb3 Be6 13. Bg5 Rc8 14. Qd2 O-O 15.
Rfd1 Ng4 16. Rf1 Bxb3 17. cxb3 Bxg5 18. Qxg5 Nf6 19. Ng3 h6 20. Qd2 d5 21. Nxd5
Nbxd5 22. exd5 Rcd8 23. Rac1 Qd7 24. Rfd1 Qxd5 25. Qxd5 Rxd5 26. Rxd5 Nxd5 27.
h3 Rd8 28. Rd1 Rd7 29. Ne4 b6 30. a5 Kf8 31. axb6 Nxb6 32. Ra1 Ra7 33. Ra5 Nd7
34. Nd6 Ra8 35. Nc4 f6 36. Rd5 Ra7 37. Na5 Ke8 38. Kg1 Ra8 39. Kf1 Rb8 40. Rd6
Rb6 41. Rxb6 Nxb6 42. Nc6 Nd5 43. Ke2 Nc7 44. Kd3 Kd7 45. Na5 Kd6 46. Kc4 Ne6
47. b4 Kc7 48. Nb3 Nf4 49. Nc5 Kb6 50. Nd7+ Kc6 51. Nc5 Nxg2 52. Nxa6 Nf4 53.
b5+ Kb6 54. Nc5 Nxh3 55. Na4+ Kc7 56. b6+ Kc6 57. Kb4 Nxf2 58. Ka5 Ne4 59. Ka6
Nd6 60. b4 e4 61. Nc3 e3 62. b5+ Kd7 63. b7 Kc7 64. Nd5+ Kb8 65. Nxe3 f5 66.
Nd5 Nxb7 67. Ne7 f4 68. Nc6+ Kc7 69. Ne5 Nc5+ 70. Ka7 Na4 71. Nf3 g5 0-1

[Event "Superliga 2011 W"]
[Site "?"]
[Date "2011.10.11"]
[Round "4.4"]
[White "Padurariu, Ioana-Smaranda"]
[Black "Bratu, Andreea"]
[Result "1-0"]
[ECO "B90"]
[WhiteElo "2211"]
[BlackElo "1802"]
[PlyCount "105"]
[EventDate "2011.??.??"]
[TimeControl "120+16"]

1. e4 c5 2. Nf3 d6 3. d4 cxd4 4. Nxd4 Nf6 5. Nc3 a6 6. Be3 b5 7. f3 Bb7 8. Qd2
Nbd7 9. a4 b4 10. Na2 e5 11. Nb3 d5 12. exd5 Nxd5 13. Bd3 Nxe3 14. Qxe3 Qb6 15.
Qxb6 Nxb6 16. Na5 Bd5 17. Nc1 Be7 18. Ncb3 O-O 19. O-O Rfc8 20. Rfe1 Bf6 21.
Nd2 g6 22. Nf1 Nc4 23. Nxc4 Bxc4 24. Be4 Rab8 25. Ne3 a5 26. Rad1 Be6 27. Rd6
Rc5 28. b3 Be7 29. Rdd1 f5 30. Bd3 Rd8 31. Bc4 Rxd1 32. Rxd1 Kf7 33. Kf2 Rc6
34. Bxe6+ Kxe6 35. Nc4 Bc5+ 36. Ke2 Bb6 37. h3 h6 38. g4 Bc7 39. Rg1 Kf6 40.
gxf5 Kxf5 41. Ne3+ Kf6 42. Rg2 Rc5 43. Kd3 h5 44. Ke4 Kf7 45. Rd2 Ke6 46. Nc4
g5 47. Rd1 Bb8 48. Rd8 Bc7 49. Rh8 h4 50. Rh6+ Kf7 51. Ra6 Ke7 52. Rg6 Kf7 53.
Rxg5 1-0

[Event "Superliga 2011 W"]
[Site "Brasov/Rumania"]
[Date "2011.10.12"]
[Round "5.3"]
[White "Cramling, Pia"]
[Black "L'Ami, Alina"]
[Result "1-0"]
[ECO "E90"]
[WhiteElo "2489"]
[BlackElo "2368"]
[PlyCount "133"]
[EventDate "2011.??.??"]
[TimeControl "40/5400+30:1800+30"]

1. d4 Nf6 2. c4 g6 3. Nc3 Bg7 4. e4 d6 5. Nf3 O-O 6. h3 Na6 7. Bg5 Qe8 8. g4 e5
9. d5 Nc5 10. Nd2 a5 11. Be2 c6 12. h4 Bd7 13. Be3 cxd5 14. exd5 e4 15. g5 Nh5
16. Bxc5 dxc5 17. Ndxe4 Bd4 18. Qd2 f5 19. Nd6 Qe5 20. Ndb5 f4 21. f3 Ng3 22.
Rh2 Bg1 23. Rg2 Be3 24. Qc2 Bh3 25. Rh2 Bf5 26. Qd1 Rae8 27. d6 Bd4 28. Qd2 Be6
29. Qd3 Bf5 30. Qd2 Bd7 31. Rd1 Bc6 32. Nxd4 cxd4 33. Qxd4 Bxf3 34. d7 Bxe2 35.
dxe8=Q Qxe8 36. Nxe2 f3 37. Rd2 Nf1 38. Rf2 Nxd2 39. Kxd2 fxe2 40. Qd5+ Kh8 41.
Rxe2 Qb8 42. Qe5+ Qxe5 43. Rxe5 Rf4 44. Kd3 Rxh4 45. Re8+ Kg7 46. Re7+ Kf8 47.
Rxb7 Rg4 48. Rxh7 Rxg5 49. Ra7 Rg2 50. Kc3 Rg3+ 51. Kc2 Rg2+ 52. Kb3 Rg5 53.
Ka4 Rc5 54. Rxa5 Rxc4+ 55. b4 Ke7 56. Rg5 Kf6 57. Rg2 g5 58. Ka5 g4 59. b5 Ke7
60. Rd2 g3 61. b6 Rg4 62. b7 Rg8 63. a4 Rf8 64. Ka6 g2 65. Rxg2 Kd7 66. Ka7 Rf4
67. a5 1-0

[Event "Superliga 2011 W"]
[Site "Brasov/Rumania"]
[Date "2011.10.12"]
[Round "5.3"]
[White "Bulmaga, Irina"]
[Black "Foisor, Cristina-Adela"]
[Result "1-0"]
[ECO "B19"]
[WhiteElo "2304"]
[BlackElo "2416"]
[PlyCount "125"]
[EventDate "2011.??.??"]
[TimeControl "40/5400+30:1800+30"]

1. e4 c6 2. d4 d5 3. Nc3 dxe4 4. Nxe4 Bf5 5. Ng3 Bg6 6. h4 h6 7. Nf3 Nd7 8. h5
Bh7 9. Bd3 Bxd3 10. Qxd3 Ngf6 11. Bf4 Qa5+ 12. Bd2 Qc7 13. O-O-O e6 14. Ne4
O-O-O 15. g3 Nc5 16. Nxc5 Bxc5 17. Rh4 Bd6 18. Qe2 Rhe8 19. c4 Qe7 20. Ba5 Bc7
21. Bc3 Rd7 22. a3 Nh7 23. Bb4 Qd8 24. Rhh1 f6 25. Qe4 Ng5 26. Nxg5 fxg5 27.
Qg6 a5 28. Bc3 Rde7 29. d5 exd5 30. cxd5 cxd5 31. Qf5+ Qd7 32. Rxd5 Qxf5 33.
Rxf5 b6 34. Rd1 Be5 35. Bxe5 Rxe5 36. Rxe5 Rxe5 37. Rd6 Kc7 38. Rg6 Re7 39. Kd2
Kb7 40. a4 Rf7 41. Ke3 Ka6 42. f4 gxf4+ 43. gxf4 Rf5 44. Rxg7 Rxh5 45. Ke4 Rh2
46. f5 Rxb2 47. f6 Rf2 48. Ke5 Re2+ 49. Kd6 Rf2 50. f7 b5 51. Ke7 Re2+ 52. Kd8
Rf2 53. Rg6+ Kb7 54. Ke7 Rxf7+ 55. Kxf7 bxa4 56. Ke6 Kc6 57. Ke5+ Kc5 58. Ke4
Kc4 59. Rc6+ Kb3 60. Kd3 a3 61. Rb6+ Ka2 62. Kc2 a4 63. Rxh6 1-0

[Event "Superliga 2011 W"]
[Site "Brasov/Rumania"]
[Date "2011.10.12"]
[Round "5.3"]
[White "Foisor, Mihaela-Veronica"]
[Black "Padurariu, Ioana-Smaranda"]
[Result "0-1"]
[ECO "D40"]
[WhiteElo "2205"]
[BlackElo "2211"]
[PlyCount "80"]
[EventDate "2011.??.??"]
[TimeControl "40/5400+30:1800+30"]

1. Nf3 Nf6 2. c4 e6 3. Nc3 c5 4. e3 d5 5. d4 Nc6 6. a3 a6 7. dxc5 Bxc5 8. b4
Be7 9. Bb2 dxc4 10. Bxc4 O-O 11. O-O b5 12. Ba2 Qxd1 13. Rfxd1 Bb7 14. Ne1 Rfd8
15. Nd3 Nd7 16. f3 Rac8 17. Ne4 a5 18. Ndc5 Nxc5 19. bxc5 Ba6 20. Nd6 Rb8 21.
Bb3 Rd7 22. e4 Rc7 23. f4 a4 24. Ba2 b4 25. Rac1 b3 26. Bb1 f6 27. Bd3 Bxd3 28.
Rxd3 Rd8 29. Rc4 Na5 30. Rxa4 Rxc5 31. e5 Bxd6 32. Rxd6 Rb8 33. Rd7 Nc6 34.
exf6 gxf6 35. Ra6 Rc2 36. h3 Rxb2 37. Rxc6 Rc2 38. Rxe6 b2 39. Ree7 b1=Q+ 40.
Kh2 Ra2 0-1

[Event "Superliga 2011 W"]
[Site "Brasov/Rumania"]
[Date "2011.10.13"]
[Round "6.4"]
[White "Muzychuk, Anna"]
[Black "Cramling, Pia"]
[Result "1/2-1/2"]
[ECO "B48"]
[WhiteElo "2545"]
[BlackElo "2489"]
[PlyCount "61"]
[EventDate "2011.??.??"]
[TimeControl "40/5400+30:1800+30"]

1. e4 c5 2. Nf3 e6 3. d4 cxd4 4. Nxd4 Nc6 5. Nc3 Qc7 6. Be3 Nf6 7. f4 Bb4 8.
Ndb5 Qa5 9. e5 Nd5 10. Bd2 Nxc3 11. Bxc3 O-O 12. Qd2 Bxc3 13. Nxc3 f6 14. exf6
Rxf6 15. O-O-O d5 16. Kb1 Rb8 17. Bd3 b5 18. Rhe1 b4 19. Ne2 Qc5 20. Ng1 Bd7
21. Nf3 a5 22. g3 a4 23. Qe3 Qa5 24. Ne5 Nxe5 25. Qxe5 Rc8 26. Qd6 Rf7 27. f5
Rc6 28. Qb8+ Rc8 29. Qd6 Rc6 30. Qb8+ Rc8 31. Qd6 1/2-1/2

[Event "Superliga 2011 W"]
[Site "Brasov/Rumania"]
[Date "2011.10.13"]
[Round "6.4"]
[White "Foisor, Cristina-Adela"]
[Black "Peptan, Corina-Isabela"]
[Result "1-0"]
[ECO "A36"]
[WhiteElo "2416"]
[BlackElo "2421"]
[PlyCount "135"]
[EventDate "2011.??.??"]
[TimeControl "40/5400+30:1800+30"]

1. g3 c5 2. Bg2 g6 3. c4 Bg7 4. Nc3 Nc6 5. d3 Nh6 6. e4 d6 7. Nge2 Bd7 8. O-O
Qc8 9. Nd5 O-O 10. Rb1 Bh3 11. a3 Bxg2 12. Kxg2 e6 13. Ne3 Nd4 14. Nxd4 cxd4
15. Nc2 d5 16. cxd5 exd5 17. Nb4 dxe4 18. Bxh6 Bxh6 19. Nd5 Qd8 20. dxe4 Bg7
21. Qb3 Qd7 22. Rbc1 Rac8 23. Rfd1 Rfe8 24. f3 Kh8 25. Qd3 h5 26. b4 Rxc1 27.
Rxc1 Rc8 28. Rc4 Rxc4 29. Qxc4 Kg8 30. b5 h4 31. gxh4 Qd8 32. Qc8 Qxc8 33. Ne7+
Kf8 34. Nxc8 d3 35. Kf1 Be5 36. Nxa7 Bd4 37. Nc8 Bc5 38. a4 Ke8 39. e5 Kd7 40.
Nd6 Bxd6 41. exd6 b6 42. Ke1 Kxd6 43. Kd2 Kc5 44. Kxd3 Kb4 45. f4 Kxa4 46. Kc4
f5 47. h3 Ka5 48. Kd5 Kxb5 49. Ke6 Kc6 50. Kf6 b5 51. Kxg6 b4 52. h5 b3 53. h6
b2 54. h7 b1=Q 55. h8=Q Qg1+ 56. Kh6 Qb1 57. Qf6+ Kc7 58. h4 Qe1 59. h5 Qe4 60.
Kg5 Qg2+ 61. Kxf5 Kd7 62. Qd4+ Kc8 63. Qc5+ Kd7 64. Qb5+ Kc7 65. Kf6 Qf3 66.
Qe5+ Kd7 67. Qf5+ Kd8 68. Kg6 1-0

[Event "Superliga 2011 W"]
[Site "Brasov/Rumania"]
[Date "2011.10.13"]
[Round "6.4"]
[White "Anusca, Madalina-Maria"]
[Black "Uta, Adeline-Ramona"]
[Result "0-1"]
[ECO "D79"]
[WhiteElo "2070"]
[BlackElo "2085"]
[PlyCount "80"]
[EventDate "2011.??.??"]
[TimeControl "40/5400+30:1800+30"]

1. d4 Nf6 2. Nf3 g6 3. g3 Bg7 4. Bg2 O-O 5. O-O c6 6. c4 d5 7. cxd5 cxd5 8. Nc3
Ne4 9. Bf4 Nxc3 10. bxc3 Nc6 11. Nd2 b6 12. e4 dxe4 13. Nxe4 Bb7 14. Rc1 Na5
15. Qa4 Rc8 16. Rfd1 Rc4 17. Qa3 Qd7 18. Rd3 Ra4 19. Qb2 Bd5 20. Ra1 Rc8 21.
Rdd1 Qc6 22. Qc2 Rc4 23. f3 f5 24. Ng5 h6 25. Nh3 Rxc3 26. Qe2 Bxf3 27. Bxf3
Qxf3 28. Qxf3 Rxf3 29. Rd2 Nc4 30. Rc1 b5 31. a4 a6 32. axb5 axb5 33. Rdd1 Rd8
34. d5 g5 35. Bc7 Rd7 36. Bb8 Rb7 37. d6 Rxb8 38. dxe7 Re8 39. Rd8 Kf7 40. Rcd1
Rxe7 0-1

[Event "Superliga 2011 W"]
[Site "Brasov/Rumania"]
[Date "2011.10.15"]
[Round "8.2"]
[White "L'Ami, Alina"]
[Black "Sandu, Mihaela"]
[Result "1-0"]
[ECO "E71"]
[WhiteElo "2368"]
[BlackElo "2221"]
[Annotator "Robot 4"]
[PlyCount "147"]
[EventDate "2011.??.??"]
[TimeControl "40/5400+30:1800+30"]

1. d4 Nf6 2. c4 g6 3. Nc3 Bg7 4. e4 d6 5. h3 O-O 6. Bd3 e5 7. d5 Na6 8. Bg5 c6
9. Nge2 cxd5 10. cxd5 Nc5 11. Bc2 a5 12. O-O Bd7 13. a3 a4 14. Kh1 Qe7 15. Qd2
Rfc8 16. Rae1 Be8 17. Ng3 b5 18. Be3 Nfd7 19. Nxb5 Nb6 20. Qe2 Rab8 21. Nc3 Nb3
22. Bxb3 axb3 23. Bxb6 Rxb6 24. Qe3 Rb7 25. Nge2 Qh4 26. a4 Bh6 27. Qd3 Qd8 28.
Ra1 Rc5 29. Ra3 Rb4 30. Rfa1 Qa5 31. Qd1 f5 32. f3 fxe4 33. fxe4 Rc8 34. Rxb3
Rcb8 35. Rxb4 Qxb4 36. a5 Ra8 37. a6 Be3 38. Qd3 Bc5 39. Qf3 Ra7 40. Qg4 Rf7
41. Qc8 Kf8 42. Kh2 Ba7 43. Qd8 Bb6 44. Qg5 Ba7 45. Qd8 Bb6 46. Qa8 Ba7 47. Qc8
Qb6 48. b4 Rf2 49. Qg4 h5 50. Qg5 Kg7 51. b5 Bf7 52. Kh1 Qc5 53. Rb1 Bb6 54.
Rc1 Ba7 55. Kh2 Qb6 56. Qg3 Be8 57. Qd3 h4 58. Ng1 Bd7 59. Rb1 Qd8 60. Nf3 Bxh3
61. Kxh3 Qd7+ 62. g4 Qf7 63. Nxh4 g5 64. Nf5+ Kg6 65. Ng3 Qh7+ 66. Nh5 Qf7 67.
Kg3 Rf4 68. b6 Bxb6 69. Rxb6 Rf1 70. Rxd6+ Kh7 71. Nf6+ Rxf6 72. Rxf6 Qxf6 73.
a7 Qf4+ 74. Kh3 1-0

[Event "Superliga 2011 W"]
[Site "Brasov/Rumania"]
[Date "2011.10.15"]
[Round "8.2"]
[White "Moldovan, Corina"]
[Black "Bulmaga, Irina"]
[Result "1/2-1/2"]
[ECO "B22"]
[WhiteElo "2232"]
[BlackElo "2304"]
[Annotator "Robot 4"]
[PlyCount "94"]
[EventDate "2011.??.??"]
[TimeControl "40/5400+30:1800+30"]

1. e4 c5 2. c3 Nf6 3. e5 Nd5 4. g3 d6 5. exd6 Qxd6 6. Bg2 Nc6 7. Ne2 Bf5 8. d4
cxd4 9. Nxd4 Qe5+ 10. Qe2 Qxe2+ 11. Nxe2 O-O-O 12. Nd2 e5 13. Nc4 Bd3 14. Ne3
Nb6 15. g4 h5 16. h3 h4 17. Bd2 Na4 18. b4 Nb6 19. Nc1 Bb5 20. Be4 g6 21. Bc2
Ne7 22. a4 Bc6 23. Rg1 Ned5 24. Nxd5 Nxd5 25. Ne2 Nf4 26. Nxf4 exf4 27. O-O-O
Bg7 28. Bxf4 Bxc3 29. Rxd8+ Rxd8 30. b5 Bf3 31. Bg5 Rd4 32. Bxh4 f5 33. Bf6
Bd2+ 34. Kb2 Rb4+ 35. Ka3 fxg4 36. h4 Be4 37. Rxg4 Bxc2 38. Rxb4 Bxb4+ 39. Kxb4
Kd7 40. a5 a6 41. b6 Be4 42. Kc5 Ke6 43. Kd4 Bc6 44. Be5 Kf5 45. Bg3 Bf3 46.
Kc5 Be4 47. Kd6 Bc6 1/2-1/2

[Event "Superliga 2011 W"]
[Site "Brasov/Rumania"]
[Date "2011.10.15"]
[Round "8.2"]
[White "Padurariu, Ioana-Smaranda"]
[Black "Visanescu, Daria-Ioana"]
[Result "1/2-1/2"]
[ECO "B23"]
[WhiteElo "2211"]
[BlackElo "2010"]
[Annotator "Robot 4"]
[PlyCount "115"]
[EventDate "2011.??.??"]
[TimeControl "40/5400+30:1800+30"]

1. e4 c5 2. Nc3 d6 3. g4 e6 4. d3 Nc6 5. Bg2 Nge7 6. Be3 Ng6 7. Nf3 d5 8. Bd2
d4 9. Ne2 Be7 10. O-O O-O 11. Ng3 Qc7 12. Nh5 f5 13. gxf5 exf5 14. exf5 Bxf5
15. Ng3 Bg4 16. h3 Bxf3 17. Bxf3 Bh4 18. Bd5+ Kh8 19. Qg4 Nce5 20. Qh5 Nd7 21.
Ne4 Nf6 22. Nxf6 Rxf6 23. Bg2 Raf8 24. f4 Bg3 25. f5 Nf4 26. Bxf4 Bxf4 27. Rae1
Be3+ 28. Kh1 b6 29. Qg4 Qf7 30. Rf3 Rh6 31. b3 Qf6 32. Ref1 Rh4 33. Qg3 Rh5 34.
Qc7 a5 35. a4 Rg5 36. Rg3 Rxg3 37. Qxg3 Re8 38. Be4 Rf8 39. Rf3 Qg5 40. Qxg5
Bxg5 41. Kg2 Re8 42. Kg3 Kg8 43. Kg4 Bf6 44. Rf2 Re5 45. Rg2 Re7 46. Kf4 Be5+
47. Kf3 Bf6 48. Kg4 Kf8 49. h4 Kg8 50. h5 h6 51. Kf3 Kf8 52. Re2 Bg5 53. Rg2
Bf6 54. Rg1 Bg5 55. Rg2 Bf6 56. Rg6 Re5 57. Rg1 Re7 58. Rg2 1/2-1/2